 Dungeon Crawl Stone Soup version 0.25.1-9-gc5326a611f (webtiles) character file.

Game seed: 10798234645871293112

86795 Tiocfaidh the Peltast (level 15, -3/132 HPs)
             Began as a Minotaur Fighter on Dec 23, 2020.
             Was the Champion of Qazlal.
             Killed by nerve-wracking pain
             ... invoked by a hell knight
             ... led by Margery
              (7 damage)
             ... on level 1 of the Depths on Dec 24, 2020.
             The game lasted 02:01:41 (15460 turns).

Tiocfaidh the Peltast (Minotaur Fighter)           Turns: 15460, Time: 02:01:41

Health: -3/132     AC: 28    Str: 32    XL:     15   Next: 41%
Magic:  15/15      EV: 11    Int:  5    God:    Qazlal [******]
Gold:   1101       SH: 24    Dex: 16    Spells: 16/16 levels left

rFire    . . .     SeeInvis .   i - +6 hand axe of the Evening {vorpal, *Noise rC+++ MR- Int+3}
rCold    + + +     Gourm    .   c - +1 kite shield
rNeg     . . .     Faith    +   s - +3 plate armour
rPois    .         Spirit   .   l - +2 hat
rElec    .         Reflect  .   U - +2 cloak of the Manifold Runes {Regen+ Str+5 Int-3 Slay+5}
rCorr    .         Harm     .   Q - +1 pair of gloves
MR       .....                  n - +0 pair of boots
Stlth    ..........             v - amulet of faith
HPRegen  0.72/turn              a - ring of ice
MPRegen  0.14/turn              K - +6 ring of strength

@: mighty, protected from fire, repel missiles
A: retaliatory headbutt, beak, horns 2, camouflage 1
a: Upheaval, Elemental Force, Disaster Area, Renounce Religion


You were on level 1 of the Depths.
You worshipped Qazlal.
Qazlal was exalted by your worship.
You were not hungry.

You visited 3 branches of the dungeon, and saw 17 of its levels.
You also visited: Gauntlet.

You collected 1101 gold pieces.

Inventory:

Hand Weapons
 i - the +6 hand axe of the Evening (weapon) {vorpal, *Noise rC+++ MR- Int+3}
   (You took it off Jorgrun on level 12 of the Dungeon)

   It inflicts extra damage upon your enemies.
   It affects your intelligence (+3).
   It renders you almost immune to cold.
   It affects your resistance to hostile enchantments.
   It may make noises in combat.
 r - a +4 mace of protection
 x - a +2 mace of holy wrath
 B - a +3 antimagic war axe
Missiles
 e - 5 atropa-tipped darts
 u - 17 poisoned darts (quivered)
 w - 2 javelins
 M - 18 silver javelins
 R - 8 boomerangs
Armour
 c - a +1 kite shield (worn)
 l - a +2 hat (worn)
 n - a +0 pair of boots (worn)
 s - a +3 plate armour (worn)
 Q - a +1 pair of gloves (worn)
 U - the +2 cloak of the Manifold Runes (worn) {Regen+ Str+5 Int-3 Slay+5}
   (You found it in a Gauntlet)

   It affects your strength (+5).
   It affects your intelligence (-3).
   It affects your accuracy and damage with ranged weapons and melee attacks
   (+5).
   It increases your rate of regeneration.
Magical Staves
 T - an uncursed staff of wizardry {unknown}
Jewellery
 a - a ring of ice (left hand)
 p - an uncursed ring of flight
 v - an amulet of faith (around neck)
 H - an uncursed amulet of guardian spirit
 K - a +6 ring of strength (right hand)
 N - an uncursed ring of fire
 X - an uncursed ring of fire
Wands
 b - a wand of polymorph (16)
 y - a wand of enslavement (13)
 D - a wand of random effects (26)
 F - a wand of acid (14)
 I - a wand of iceblast (14)
 O - a wand of flame (5)
 P - a wand of paralysis (5)
 V - a wand of digging (4)
Scrolls
 d - 2 scrolls of amnesia
 h - 7 scrolls of teleportation
 k - 9 scrolls of remove curse
 m - 4 scrolls of blinking
 o - 3 scrolls of fog
 t - a scroll of fear
 J - 4 scrolls of identify
 L - a scroll of silence
 Y - a scroll of magic mapping
Potions
 g - 2 potions of invisibility
 j - 14 potions of curing
 q - 2 potions of magic
 z - a potion of brilliance
 A - 4 potions of ambrosia
 G - 2 potions of flight
Miscellaneous
 S - a phial of floods
 W - a phantom mirror
Comestibles
 f - 20 rations


   Skills:
 + Level 12.0 Fighting
   Level 6.1(7.4) Short Blades
   Level 6.9(8.2) Long Blades
 + Level 13.5(14.6) Axes
 + Level 9.9(12.9) Maces & Flails
 + Level 9.6 Throwing
 + Level 12.8 Armour
 + Level 4.1 Dodging
 + Level 3.2 Stealth
 + Level 15.3 Shields
 + Level 2.0 Unarmed Combat
 + Level 1.1 Spellcasting
 + Level 1.9 Invocations
 + Level 2.3 Evocations


You had 16 spell levels left.
You didn't know any spells.
Your spell library contained the following spells:

 Spells                   Type           Power        Failure   Level  Hunger
 Corona                   Hex            #......      95%         1    ##.....
 Slow                     Hex            #.......     99%         2    ###....
 Confusing Touch          Hex            #.......     100%        3    ####...
 Gell's Gravitas          Tloc           #.........   100%        3    ####...
 Inner Flame              Hex/Fire       #.......     100%        3    ####...
 Portal Projectile        Hex/Tloc       #.....       100%        3    ####...
 Cause Fear               Hex            #.........   100%        4    #####..
 Leda's Liquefaction      Hex/Erth       #.........   100%        4    #####..
 Petrify                  Tmut/Erth      #.......     100%        4    #####..
 Metabolic Englaciation   Hex/Ice        #.........   100%        5    ######.
 Yara's Violent Unravell  Hex/Tmut       #.........   100%        5    ######.


Dungeon Overview and Level Annotations

Branches:
Dungeon (15/15)            Temple (1/1) D:7            Lair (0/6) D:10
    Orc (0/2) D:9          Vaults (0/5) D:14         Depths (1/5) D:15
Gauntlet (visited)

Altars:
Ashenzari
Cheibriados
Dithmenos
Elyvilon
Fedhas
Gozag
Kikubaaqudgha
Makhleb
Nemelex Xobeh
Okawaru
Qazlal
Ru
Sif Muna
Trog
Uskayaw
Vehumet
Wu Jian
Xom
Yredelemnul
Zin
The Shining One
Beogh

Shops:
D:13 !   Depths:1 ==}

Annotations:
Depths:1 Margery


Innate Abilities, Weirdness & Mutations

You reflexively headbutt those who attack you in melee.
You have a pair of horns on your head.
You have a beak for a mouth.
Your skin changes colour to match your surroundings (Stealth+).


Message History

2 hell knights come into view.
A hell knight is wielding a +1 halberd of flaming.
The hell knight shouts!
You hear a horrible gurgling sound! x2
The hell knight mumbles some strange words.
The hell knight blinks!
You hear a horrible gurgling sound!
You block the hell knight's attack.
The necromancer casts a spell.
The necromancer binds the souls of nearby monsters.
A hell knight comes into view. It is wielding a +4 broad axe.
You block Margery's attack.
The necromancer points at you and mumbles some strange words.
The bolt of fire hits the hell knight.
The hell knight completely resists.
The bolt of fire hits you!!! The fire burns you terribly!
Your resistance to physical damage fades away.
You feel protected from fire.
* * * LOW HITPOINT WARNING * * *
The hell knight casts a spell at you. Pain shoots through your body!
You die...

............).)...[.....#
..................(.....###
.....................?.....
............p[#######......
#.......####p# ♣♣♣♣ .....
#.......# #p# ...♣♣ ....
#.......# #p# ..∩.♣♣ ..8
####'...# #.#♣.....♣ ..
#≈...#...# #@@∩.⌠.∩.♣ 8
#≈...#...# ###♣.....♣ #≈..
#...# ..∩.♣♣ #≈. #...#
...♣♣ # #...# ♣♣♣♣
#+#####...# #.#.......#
#.........# ##.......#


You could see Margery (soul bound), 3 hell knights and a necromancer.

Vanquished Creatures
  Jorgrun (D:12)
  A lich (Depths:1)
  A frost giant (Depths:1)
  A fire giant (Depths:1)
  3 stone giants (Depths:1)
  Nessos (D:13)
  A minotaur (Gauntlet)
  3 ettins (Depths:1)
  Josephine (D:14)
  A fire dragon (Depths:1)
  2 great orbs of eyes (Depths:1)
  A rakshasa (D:14)
  4 vault guards (D:14)
  5 hydras
  Harold (D:8)
  4 ice dragons
  6 two-headed ogres
  A death knight (D:14)
  2 centaur warriors
  Erica (D:11)
  An ogre mage (Depths:1)
  A queen ant (Gauntlet)
  2 deep troll shamans (Depths:1)
  A shock serpent (D:8)
  An iron troll (Depths:1)
  A wretched star (Gauntlet)
  10 skeletal warriors
  2 unseen horrors
  2 deep trolls (Depths:1)
  A glowing orange brain (Depths:1)
  Pikel (D:5)
  A phantasmal warrior (D:14)
  A wizard (Gauntlet)
  A wolf spider (D:15)
  2 deep elf magi
  2 manticores
  9 ugly things
  A salamander (shapeshifter) (D:13)
  5 cyclopes
  2 gargoyles (D:14)
  Psyche (D:9)
  A freezing wraith (D:14)
  5 centaur skeletons
  A komodo dragon (D:13)
  5 yaktaurs (Depths:1)
  A merfolk (D:9)
  3 meliai (D:14)
  A troll (D:13)
  A hornet (D:12)
  A tyrant leech (shapeshifter) (Depths:1)
  10 slime creatures
  2 meliai zombies
  Prince Ribbit (D:8)
  2 hippogriffs
  A centaur simulacrum (D:14)
  3 vampires
  A spriggan (shapeshifter) (D:15)
  9 wraiths
  A wyvern (D:13)
  Eustachio (D:5)
  16 yaks
  Sigmund (D:2)
  A basilisk (D:15)
  4 vampire mosquitoes (D:14)
  3 hungry ghosts
  Edmund (D:6)
  A warg (D:9)
  6 soldier ants
  4 acid dragons
  A porcupine (D:10)
  A porcupine (shapeshifter) (Depths:1)
  5 sky beasts
  3 slaves (D:5)
  An eye of draining (D:9)
  A hornet zombie (D:11)
  12 orc warriors
  10 ogres
  15 centaurs
  A crocodile (D:10)
  Blork the orc (D:6)
  A big kobold (D:7)
  3 small abominations (Gauntlet)
  11 bullfrogs
  A wyvern zombie (D:12)
  6 scorpions
  3 killer bees (D:12)
  5 wights (D:8)
  2 electric eels
  5 jellies
  3 howler monkeys
  3 centaur zombies
  3 crimson imps
  2 hounds
  A quasit (D:13)
  8 orc priests
  10 orc wizards
  3 bullfrog skeletons
  Ijyb (D:3)
  4 iguanas
  6 worker ants
  9 adders
  A shadow imp (D:5)
  A white imp (Gauntlet)
  2 oozes (D:2)
  An adder skeleton (D:6)
  A worm (D:2)
  4 dart slugs
  4 leopard geckos
  53 orcs
  2 ball pythons
  9 bats
  2 giant cockroaches
  8 goblins
  7 hobgoblins
  5 jackals
  8 kobolds
  3 quokkas
  2 frilled lizards (D:3)
  A hobgoblin zombie (D:7)
  A jackal skeleton (D:9)
  2 kobold zombies (D:7)
  An orc zombie (D:7)
  8 rats
443 creatures vanquished.

Vanquished Creatures (others)
  A hornet (shapeshifter) (Depths:1)
  A demonic plant (Gauntlet)
  2 fungi (D:10)
4 creatures vanquished.

Grand Total: 447 creatures vanquished

Notes
Turn   | Place    | Note
-------+----------+-------------------------------------------
     0 | D:1      | Tiocfaidh the Minotaur Fighter began the quest for the Orb.
     0 | D:1      | Reached XP level 1. HP: 19/19 MP: 0/0
   183 | D:1      | Reached XP level 2. HP: 27/27 MP: 1/1
   427 | D:1      | Reached skill level 4 in Shields
   538 | D:1      | Reached XP level 3. HP: 29/33 MP: 2/2
  1038 | D:2      | Noticed Sigmund
  1048 | D:2      | Killed Sigmund
  1048 | D:2      | Reached skill level 1 in Dodging
  1048 | D:2      | Reached XP level 4. HP: 36/41 MP: 3/3
  1048 | D:2      | Reached XP level 5. HP: 42/47 MP: 4/4
  1871 | D:3      | Reached skill level 5 in Long Blades
  1871 | D:3      | Reached XP level 6. HP: 8/53 MP: 5/5
  2260 | D:3      | Noticed Ijyb
  2276 | D:3      | Killed Ijyb
  2526 | D:4      | Reached skill level 5 in Armour
  2526 | D:4      | Reached skill level 5 in Shields
  2630 | D:4      | Reached skill level 1 in Throwing
  2694 | D:4      | Found an opulent altar of Gozag.
  2753 | D:4      | Reached skill level 1 in Maces & Flails
  2788 | D:4      | Found a blossoming altar of Fedhas.
  2794 | D:4      | Found a white marble altar of Elyvilon.
  2983 | D:5      | Entered Level 5 of the Dungeon
  3010 | D:5      | Reached XP level 7. HP: 52/60 MP: 6/6
  3146 | D:5      | Reached skill level 5 in Fighting
  3237 | D:5      | Noticed Eustachio
  3439 | D:5      | Noticed Blork the orc
  3482 | D:6      | Killed Blork the orc
  3482 | D:6      | Reached XP level 8. HP: 51/68 MP: 2/7
  3524 | D:5      | Got a polished whip
  3526 | D:5      | Identified the +9 whip "Osmuok" {pain, rElec Int-4 SInv}
                  | (You found it on level 5 of the Dungeon)
  3529 | D:5      | Noticed Pikel
  3555 | D:5      | Killed Pikel
  3555 | D:5      | Reached skill level 5 in Maces & Flails
  3555 | D:5      | Reached skill level 6 in Shields
  3565 | D:5      | Killed Eustachio
  3871 | D:6      | Noticed Edmund
  3908 | D:6      | Killed Edmund
  4344 | D:6      | Reached XP level 9. HP: 68/75 MP: 2/8
  4444 | D:6      | Reached skill level 7 in Shields
  4879 | D:7      | Found a sacrificial altar of Ru.
  5124 | D:7      | Found a staircase to the Ecumenical Temple.
  5134 | Temple   | Entered the Ecumenical Temple
  5225 | Temple   | Became a worshipper of Qazlal Stormbringer
  5306 | D:8      | Found a radiant altar of Vehumet.
  5311 | D:8      | Reached skill level 1 in Stealth
  5336 | D:8      | Noticed Prince Ribbit
  5410 | D:8      | Killed Prince Ribbit
  5460 | D:8      | Noticed a two-headed ogre
  5895 | D:8      | Reached skill level 5 in Axes
  5942 | D:8      | Noticed Harold
  6339 | D:8      | Killed Harold
  6339 | D:8      | Reached XP level 10. HP: 62/86 MP: 9/9
  6353 | D:8      | Noticed a shock serpent
  6353 | D:8      | a two-headed ogre changed into a shock serpent
  6363 | D:8      | Killed a shock serpent
  6363 | D:8      | Reached skill level 8 in Shields
  7325 | D:9      | Found a sacrificial altar of Ru.
  7459 | D:9      | Noticed Psyche
  7469 | D:9      | Killed Psyche
  7525 | D:9      | Reached * piety under Qazlal
  7544 | D:9      | Found a staircase to the Orcish Mines.
  8336 | D:9      | Found a glowing silver altar of Zin.
  8337 | D:9      | Noticed an angel
  8362 | D:10     | Entered Level 10 of the Dungeon
  8393 | D:10     | Reached skill level 1 in Short Blades
  8442 | D:10     | Found a shadowy altar of Dithmenos.
  8516 | D:10     | Reached skill level 9 in Shields
  8609 | D:10     | Found a staircase to the Lair.
  8682 | D:10     | Reached XP level 11. HP: 91/94 MP: 7/10
  8757 | D:10     | Noticed a deep elf mage
  8777 | D:10     | Killed a deep elf mage
  9027 | D:10     | Reached skill level 10 in Armour
  9071 | D:10     | Reached ** piety under Qazlal
  9273 | D:10     | Reached skill level 5 in Short Blades
  9273 | D:10     | Reached skill level 1 in Spellcasting
  9273 | D:10     | Reached skill level 1 in Invocations
  9273 | D:10     | Reached XP level 12. HP: 103/103 MP: 10/12
  9290 | D:11     | Reached skill level 10 in Shields
  9338 | D:11     | Noticed Erica
  9363 | D:11     | Killed Erica
  9363 | D:11     | Reached skill level 5 in Throwing
  9392 | D:11     | Found a gate leading to a gauntlet.
  9446 | Gauntlet | Entered a Gauntlet
  9446 | Gauntlet | Found a transporter.
  9446 | Gauntlet | Found a transporter.
  9446 | Gauntlet | Found a transporter.
  9473 | Gauntlet | Found a transporter.
  9483 | Gauntlet | Found a transporter.
  9486 | Gauntlet | Found a transporter.
  9495 | Gauntlet | Noticed a cacodemon
  9498 | Gauntlet | Found a transporter.
  9516 | Gauntlet | Found a transporter.
  9540 | Gauntlet | Found a transporter.
  9540 | Gauntlet | Found a transporter.
  9548 | Gauntlet | Found a transporter.
  9551 | Gauntlet | Found a transporter.
  9552 | Gauntlet | Noticed a queen ant
  9620 | Gauntlet | Gained mutation: Your magical capacity is low. (-10% MP)
                  | [potion of mutation]
  9620 | Gauntlet | Gained mutation: You are clumsy. (Dex -2) [potion of
                  | mutation]
  9620 | Gauntlet | Gained mutation: You have a pair of large horns on your
                  | head. [potion of mutation]
  9621 | Gauntlet | Lost mutation: You are clumsy. (Dex -2) [potion of
                  | mutation]
  9621 | Gauntlet | Lost mutation: You have a pair of large horns on your head.
                  | [potion of mutation]
  9621 | Gauntlet | Lost mutation: Your magical capacity is low. (-10% MP)
                  | [potion of mutation]
  9621 | Gauntlet | Gained mutation: You are weak. (Str -2) [potion of
                  | mutation]
  9621 | Gauntlet | Gained mutation: You have a beak for a mouth. [potion of
                  | mutation]
  9621 | Gauntlet | Gained mutation: You are somewhat resistant to further
                  | mutation. [potion of mutation]
  9653 | Gauntlet | Killed a queen ant
  9946 | Gauntlet | Lost mutation: You are somewhat resistant to further
                  | mutation. [potion of mutation]
  9946 | Gauntlet | Lost mutation: You are very weak. (Str -4) [potion of
                  | mutation]
  9946 | Gauntlet | Gained mutation: Your skin changes colour to match your
                  | surroundings (Stealth+). [potion of mutation]
  9978 | Gauntlet | Noticed a minotaur
  9997 | Gauntlet | Killed a minotaur
 10244 | Gauntlet | Got a warped cloak
 10255 | Gauntlet | Identified the +2 cloak of the Manifold Runes {Regen+ Str+5
                  | Int-3 Slay+5} (You found it in a Gauntlet)
 10849 | D:11     | Reached skill level 11 in Shields
 11138 | D:11     | Found a roughly hewn altar of Beogh.
 11139 | D:11     | Reached *** piety under Qazlal
 11330 | D:12     | Noticed a two-headed ogre
 11341 | D:12     | Killed a two-headed ogre
 11371 | D:12     | Reached XP level 13. HP: 16/111 MP: 4/13
 11572 | D:12     | Reached **** piety under Qazlal
 11584 | D:12     | Identified the +6 hand axe of the Evening {vorpal, *Noise
                  | rC+++ MR- Int+3}
 11584 | D:12     | Noticed Jorgrun
 11607 | D:12     | Killed Jorgrun
 12132 | D:13     | Found a radiant altar of Vehumet.
 12259 | D:13     | Found Lajuf's Distillery.
 12435 | D:13     | Noticed Nessos
 12463 | D:13     | Killed Nessos
 12463 | D:13     | Reached skill level 12 in Shields
 12767 | D:14     | Noticed Josephine
 13007 | D:14     | Reached skill level 10 in Axes
 13080 | D:14     | Reached ***** piety under Qazlal
 13080 | D:14     | Reached skill level 10 in Fighting
 13107 | D:14     | Found a bloodstained altar of Trog.
 13289 | D:14     | Reached XP level 14. HP: 121/122 MP: 14/14
 13326 | D:14     | Killed Josephine
 13384 | D:14     | Found a gate to the Vaults.
 13632 | D:14     | Reached skill level 13 in Shields
 14069 | D:15     | Entered Level 15 of the Dungeon
 14682 | D:15     | Reached skill level 14 in Shields
 14887 | D:15     | Found a staircase to the Depths.
 15017 | Depths:1 | Entered Level 1 of the Depths
 15022 | Depths:1 | Reached ****** piety under Qazlal
 15032 | Depths:1 | Noticed a frost giant
 15039 | Depths:1 | Noticed a stone giant
 15039 | Depths:1 | Paralysed by a great orb of eyes for 4 turns
 15050 | Depths:1 | Killed a stone giant
 15052 | Depths:1 | Paralysed by a great orb of eyes for 5 turns
 15170 | Depths:1 | Reached XP level 15. HP: 132/132 MP: 15/15
 15200 | Depths:1 | Noticed a frost giant
 15229 | Depths:1 | Killed a frost giant
 15293 | Depths:1 | Noticed a lich
 15304 | Depths:1 | Killed a lich
 15355 | Depths:1 | Reached skill level 15 in Shields
 15410 | Depths:1 | Found Xecuydd's Gadget Boutique.
 15410 | Depths:1 | Found Ibageaq's Jewellery Emporium.
 15422 | Depths:1 | Noticed a fire giant
 15441 | Depths:1 | Killed a fire giant
 15446 | Depths:1 | Noticed Margery
 15452 | Depths:1 | Found Nema's Jewellery Emporium.
 15460 | Depths:1 | HP: 4/132 [necromancer/bolt of fire[Margery] (51)]
 15460 | Depths:1 | Killed from afar by a hell knight

Illustrated notes

Levels and vault maps discovered:
D:1:      lemuel_arrival_cross, layout_loops_corners
D:2:      layout_loops_corners, minmay_tree_intersection, chequers_jeans,
          minmay_randomly_rotated_circles, uniq_sigmund
D:3:      layout_rooms, first_ration, grunt_ministairs_9,
          minmay_misc_feat_pillars, uniq_ijyb
D:4:      layout_basic, nicolae_overflow_hidden_temple,
          nicolae_gozag_seed_capital, due_unseen_surprise
D:5:      layout_rooms, uniq_blork_the_orc, uniq_eustachio, uniq_pikel
D:6:      layout_basic, uniq_edmund
D:7:      layout_rooms, lemuel_crystal_altar, temple_hall, minivault_4,
          minivault_24, kennysheep_cross_room, minmay_mini_ossuary
D:8:      layout_basic, basic_altar, uniq_harold, uniq_prince_ribbit1
D:9:      layout_basic, zin_angel, david_orc_1_choice, basic_altar,
          hangedman_fish_farm, uniq_psyche
D:10:     layout_irregular_city, grunt_lair_entry_orc_guard_hut,
          amethyst_killhole, grunt_dithmenos_smoke
D:11:     layout_gridville, special_room [special_room_orc],
          gauntlet_entry_generic, uniq_erica
D:12:     layout_rooms, uniq_jorgrun
D:13:     layout_gridville, serial_shops, kennysheep_little_box, basic_altar,
          minmay_between, uniq_nessos
D:14:     layout_roguey, lightli_vaults_fourway_checkpoint,
          kennysheep_flooded_box, david_defended_altar_orc, uniq_josephine
D:15:     grunt_enter_depths_hoard, layout_stronghold
Temple:   nicolae_temple_x_marks_the_god
Depths:1: layout_forbidden_donut, serial_column_ruins,
          column_ruins_circle_small, column_ruins_hut, column_ruins_open_medium,
          column_ruins_corridor_straight, column_ruins_columns_straight,
          column_ruins_columns_straight, column_ruins_open_small,
          abyss_entry_crystal, grunt_metal_band, lemuel_statue_altar,
          serial_shops, nicolae_shop_crystal, chequers_serial_rivers_room_a,
          grunt_ministairs_7, st_stairs_5, nrook_mini_backslash,
          lemuel_nasty_fountain, serial_bayou_shore_b, serial_bayou_shore_b,
          minmay_shop_grove, firewood_loft

Skill      XL: |  1  2  3  4  5  6  7  8  9 10 11 12 13 14 15 |
---------------+----------------------------------------------+-----
Fighting       | 4 5 6 7 8 9 10 11 12 | 12.0
Shields        | 4 5 6 7 9 11 12 14 15 | 15.3
Armour         | 4 5 6 7 8 9 10 11 12 | 12.8
Long Blades    | 4 5 6 |  6.9
Dodging        | 1 2 3 4 |  4.1
Throwing       | 1 3 4 6 8 9 |  9.6
Maces & Flails | 1 3 6 7 8 9 |  9.9
Axes           | 3 5 6 8 10 12 13 | 13.5
Stealth        | 1 3 |  3.2
Short Blades   | 3 5 6 |  6.1
Unarmed Combat | 2 |  2.0
Spellcasting   | 1 |  1.1
Invocations    | 1 |  1.9
Evocations     | 2 |  2.3

Action                   |  1- 3 |  4- 6 |  7- 9 | 10-12 | 13-15 || total
-------------------------+-------+-------+-------+-------+-------++-------
Melee: Long sword        |    68 |    93 |    23 |       |       ||   184
       Headbutt          |     8 |    28 |    65 |   168 |   246 ||   515
       Mace              |       |    35 |    85 |    87 |    30 ||   237
       War axe           |       |       |    75 |   147 |    20 ||   242
       Whip              |       |       |   115 |    32 |       ||   147
       Dagger            |       |       |       |   274 |       ||   274
       Peck              |       |       |       |    59 |   245 ||   304
       Hand axe          |       |       |       |       |   560 ||   560
Throw: Dart              |       |     4 |     8 |   132 |   140 ||   284
Invok: Upheaval          |       |       |       |       |     1 ||     1
Evoke: Wand              |       |       |       |     4 |     2 ||     6
  Use: Potion            |     1 |       |     1 |     9 |     3 ||    14
       Scroll            |       |     1 |    24 |     8 |     4 ||    37
 Stab: Invisible         |       |       |       |     1 |       ||     1
  Eat: Ration            |       |     2 |     4 |     4 |     4 ||    14
Armor: Scale mail        |    17 |    32 |       |       |       ||    49
       Plate armour      |       |    15 |   143 |   155 |   169 ||   482
       Skin              |       |     9 |       |       |       ||     9
Dodge: Dodged            |    20 |    46 |    45 |    58 |    85 ||   254
       Repelled          |       |       |       |       |    25 ||    25
Block: Kite shield       |    31 |    65 |   132 |   282 |   506 ||  1016
       Rpst.: Long sword |     7 |     7 |     1 |       |       ||    15
